%YAML 1.1
%TAG !u! tag:unity3d.com,2011:
--- !u!1 &6904873599592799938
GameObject:
  m_ObjectHideFlags: 0
  m_CorrespondingSourceObject: {fileID: 0}
  m_PrefabInstance: {fileID: 0}
  m_PrefabAsset: {fileID: 0}
  serializedVersion: 6
  m_Component:
  - component: {fileID: 7236681504658164251}
  - component: {fileID: -4439166498952112882}
  m_Layer: 0
  m_Name: R(NEW)
  m_TagString: Untagged
  m_Icon: {fileID: 0}
  m_NavMeshLayer: 0
  m_StaticEditorFlags: 0
  m_IsActive: 1
--- !u!4 &7236681504658164251
Transform:
  m_ObjectHideFlags: 0
  m_CorrespondingSourceObject: {fileID: 0}
  m_PrefabInstance: {fileID: 0}
  m_PrefabAsset: {fileID: 0}
  m_GameObject: {fileID: 6904873599592799938}
  m_LocalRotation: {x: 0, y: 0, z: 0, w: 1}
  m_LocalPosition: {x: 0, y: 0, z: 0}
  m_LocalScale: {x: 1, y: 1, z: 1}
  m_Children:
  - {fileID: 2874243581026206693}
  - {fileID: 2267077348546689727}
  m_Father: {fileID: 0}
  m_RootOrder: 0
  m_LocalEulerAnglesHint: {x: 0, y: 0, z: 0}
--- !u!114 &-4439166498952112882
MonoBehaviour:
  m_ObjectHideFlags: 0
  m_CorrespondingSourceObject: {fileID: 0}
  m_PrefabInstance: {fileID: 0}
  m_PrefabAsset: {fileID: 0}
  m_GameObject: {fileID: 6904873599592799938}
  m_Enabled: 1
  m_EditorHideFlags: 0
  m_Script: {fileID: 11500000, guid: 762d3d822aeabd9409cc561bad76a27b, type: 3}
  m_Name: 
  m_EditorClassIdentifier: 
--- !u!1001 &232042649482534283
PrefabInstance:
  m_ObjectHideFlags: 0
  serializedVersion: 2
  m_Modification:
    m_TransformParent: {fileID: 7236681504658164251}
    m_Modifications:
    - target: {fileID: 2039610945144104756, guid: c0be759d18bd460468a1a1d8586a92be, type: 3}
      propertyPath: m_RootOrder
      value: 1
      objectReference: {fileID: 0}
    - target: {fileID: 2039610945144104756, guid: c0be759d18bd460468a1a1d8586a92be, type: 3}
      propertyPath: m_LocalPosition.x
      value: 0
      objectReference: {fileID: 0}
    - target: {fileID: 2039610945144104756, guid: c0be759d18bd460468a1a1d8586a92be, type: 3}
      propertyPath: m_LocalPosition.y
      value: 0
      objectReference: {fileID: 0}
    - target: {fileID: 2039610945144104756, guid: c0be759d18bd460468a1a1d8586a92be, type: 3}
      propertyPath: m_LocalPosition.z
      value: 0
      objectReference: {fileID: 0}
    - target: {fileID: 2039610945144104756, guid: c0be759d18bd460468a1a1d8586a92be, type: 3}
      propertyPath: m_LocalRotation.w
      value: 1
      objectReference: {fileID: 0}
    - target: {fileID: 2039610945144104756, guid: c0be759d18bd460468a1a1d8586a92be, type: 3}
      propertyPath: m_LocalRotation.x
      value: 0
      objectReference: {fileID: 0}
    - target: {fileID: 2039610945144104756, guid: c0be759d18bd460468a1a1d8586a92be, type: 3}
      propertyPath: m_LocalRotation.y
      value: 0
      objectReference: {fileID: 0}
    - target: {fileID: 2039610945144104756, guid: c0be759d18bd460468a1a1d8586a92be, type: 3}
      propertyPath: m_LocalRotation.z
      value: 0
      objectReference: {fileID: 0}
    - target: {fileID: 2039610945144104756, guid: c0be759d18bd460468a1a1d8586a92be, type: 3}
      propertyPath: m_LocalEulerAnglesHint.x
      value: 0
      objectReference: {fileID: 0}
    - target: {fileID: 2039610945144104756, guid: c0be759d18bd460468a1a1d8586a92be, type: 3}
      propertyPath: m_LocalEulerAnglesHint.y
      value: 0
      objectReference: {fileID: 0}
    - target: {fileID: 2039610945144104756, guid: c0be759d18bd460468a1a1d8586a92be, type: 3}
      propertyPath: m_LocalEulerAnglesHint.z
      value: 0
      objectReference: {fileID: 0}
    - target: {fileID: 2039610945144104757, guid: c0be759d18bd460468a1a1d8586a92be, type: 3}
      propertyPath: m_Name
      value: Content
      objectReference: {fileID: 0}
    m_RemovedComponents: []
  m_SourcePrefab: {fileID: 100100000, guid: c0be759d18bd460468a1a1d8586a92be, type: 3}
--- !u!4 &2267077348546689727 stripped
Transform:
  m_CorrespondingSourceObject: {fileID: 2039610945144104756, guid: c0be759d18bd460468a1a1d8586a92be, type: 3}
  m_PrefabInstance: {fileID: 232042649482534283}
  m_PrefabAsset: {fileID: 0}
--- !u!1001 &7678782553904915393
PrefabInstance:
  m_ObjectHideFlags: 0
  serializedVersion: 2
  m_Modification:
    m_TransformParent: {fileID: 7236681504658164251}
    m_Modifications:
    - target: {fileID: 5581043242846887972, guid: 757fc367570bdc343a8f0f472f68afa7, type: 3}
      propertyPath: m_RootOrder
      value: 0
      objectReference: {fileID: 0}
    - target: {fileID: 5581043242846887972, guid: 757fc367570bdc343a8f0f472f68afa7, type: 3}
      propertyPath: m_LocalPosition.x
      value: 10.397118
      objectReference: {fileID: 0}
    - target: {fileID: 5581043242846887972, guid: 757fc367570bdc343a8f0f472f68afa7, type: 3}
      propertyPath: m_LocalPosition.y
      value: 5.1309605
      objectReference: {fileID: 0}
    - target: {fileID: 5581043242846887972, guid: 757fc367570bdc343a8f0f472f68afa7, type: 3}
      propertyPath: m_LocalPosition.z
      value: 0
      objectReference: {fileID: 0}
    - target: {fileID: 5581043242846887972, guid: 757fc367570bdc343a8f0f472f68afa7, type: 3}
      propertyPath: m_LocalRotation.w
      value: 1
      objectReference: {fileID: 0}
    - target: {fileID: 5581043242846887972, guid: 757fc367570bdc343a8f0f472f68afa7, type: 3}
      propertyPath: m_LocalRotation.x
      value: -0
      objectReference: {fileID: 0}
    - target: {fileID: 5581043242846887972, guid: 757fc367570bdc343a8f0f472f68afa7, type: 3}
      propertyPath: m_LocalRotation.y
      value: -0
      objectReference: {fileID: 0}
    - target: {fileID: 5581043242846887972, guid: 757fc367570bdc343a8f0f472f68afa7, type: 3}
      propertyPath: m_LocalRotation.z
      value: -0
      objectReference: {fileID: 0}
    - target: {fileID: 5581043242846887972, guid: 757fc367570bdc343a8f0f472f68afa7, type: 3}
      propertyPath: m_LocalEulerAnglesHint.x
      value: 0
      objectReference: {fileID: 0}
    - target: {fileID: 5581043242846887972, guid: 757fc367570bdc343a8f0f472f68afa7, type: 3}
      propertyPath: m_LocalEulerAnglesHint.y
      value: 0
      objectReference: {fileID: 0}
    - target: {fileID: 5581043242846887972, guid: 757fc367570bdc343a8f0f472f68afa7, type: 3}
      propertyPath: m_LocalEulerAnglesHint.z
      value: 0
      objectReference: {fileID: 0}
    - target: {fileID: 5898600509503078111, guid: 757fc367570bdc343a8f0f472f68afa7, type: 3}
      propertyPath: m_Name
      value: R
      objectReference: {fileID: 0}
    - target: {fileID: 8706582497231709450, guid: 757fc367570bdc343a8f0f472f68afa7, type: 3}
      propertyPath: m_LocalPosition.x
      value: 5.6028814
      objectReference: {fileID: 0}
    m_RemovedComponents: []
  m_SourcePrefab: {fileID: 100100000, guid: 757fc367570bdc343a8f0f472f68afa7, type: 3}
--- !u!4 &2874243581026206693 stripped
Transform:
  m_CorrespondingSourceObject: {fileID: 5581043242846887972, guid: 757fc367570bdc343a8f0f472f68afa7, type: 3}
  m_PrefabInstance: {fileID: 7678782553904915393}
  m_PrefabAsset: {fileID: 0}
